 Dungeon Crawl Stone Soup version 0.20.1-1-g8b1a95d (webtiles) character file.

16 letownia2 the Grave Robber (level 2, -7/22 HPs)
             Began as a Deep Dwarf Necromancer on Dec 17, 2017.
             Mangled by Sigmund
             ... wielding a +0 scythe
              (9 damage)
             ... on level 4 of the Dungeon.
             The game lasted 00:02:00 (699 turns).

letownia2 the Grave Robber (Deep Dwarf Necromancer)  Turns: 699, Time: 00:02:00

Health: -7/22      AC:  5    Str: 11    XL:     2   Next: 41%
Magic:  2/5        EV: 11    Int: 15    God:
Gold:   45         SH:  0    Dex: 13    Spells: 4/5 levels left

rFire    . . .     SeeInvis .   e - +0 short sword
rCold    . . .     Gourm    .   (no shield)
rNeg     . . .     Faith    .   g - +0 ring mail
rPois    .         Spirit   .   (no helmet)
rElec    .         Reflect  .   (no cloak)
rCorr    .         Harm     .   (no gloves)
MR       .....                  (no boots)
Stlth    ..........             (no amulet)
Regen    0.0/turn               (no ring)
MPRegen  0.1/turn               (no ring)

@: confused, non-regenerating
A: damage resistance, heal wounds, sense surroundings 1, no regeneration
a: Heal Wounds


You were on level 4 of the Dungeon.
You were not hungry.

You visited 1 branch of the dungeon, and saw 4 of its levels.

You collected 45 gold pieces.

Inventory:

Hand Weapons
 e - a +0 short sword (weapon)
Armour
 a - a +0 robe
 g - a +0 ring mail (worn)
Jewellery
 k - an uncursed ring of positive energy {unknown}
Scrolls
 i - 2 scrolls of identify {unknown}
 j - a scroll of remove curse {unknown}
 l - a scroll of magic mapping {unknown}
 m - a scroll of teleportation {unknown}
Potions
 f - a potion of brilliance {unknown}
 h - a potion of curing {unknown}
Books
 b - a book of Necromancy

   Spells                             Type                      Level
   a - Pain                           Necromancy                   1
   b - Animate Skeleton               Necromancy                   1
   c - Vampiric Draining              Necromancy                   3
   d - Regeneration                   Charms/Necromancy            3
   e - Animate Dead                   Necromancy                   4
   f - Control Undead                 Necromancy                   4
Comestibles
 c - a bread ration
 d - 4 fruits


   Skills:
 - Level 2.1 Dodging
 - Level 2.4 Stealth
 + Level 2.1 Spellcasting
 + Level 4.8 Necromancy


You had 4 spell levels left.
You knew the following spells:

 Your Spells              Type           Power        Failure   Level  Hunger
a - Pain                  Necr           ###.         7%          1    #......


Dungeon Overview and Level Annotations

Branches:
Dungeon (4/15)
 Temple: D:4-7

Altars:
Kikubaaqudgha

Annotations:
D:3 Terence
D:4 exclusion: ogre, Sigmund


Innate Abilities, Weirdness & Mutations

You are resistant to damage.
You can heal yourself by infusing magical energy.
You passively map a small area around you.
You do not regenerate.


Message History

Sigmund is unaffected.
Sigmund points at you and mumbles some strange words.
You are confused.
You bump into the metal wall.
Sigmund gestures at you while chanting. You resist with some effort.
You bump into the metal wall.
Sigmund gestures wildly while chanting.
Sigmund flickers and vanishes!
Deactivating autopickup; reactivate with Ctrl-A.
Something hits you.
You feel less confused.
You are confused.
You're too confused to move!
Something hits you!
* * * LOW HITPOINT WARNING * * *
You hear some strange, mumbled words.
A puff of flame appears from out of thin air!
The puff of flame misses you. Something hits you!
You die...

#.# ###.#.#, * ##'##
#..##.# ##...## #.##..#
# , * ##.....## ###.###
.# , #.......## #_####.#
*
##.........######....##
.+.........'..........#*
##.........###....#####
≈ ##.......## #..@.....#
##...>.## ##{#####.# ,
##...## #(# * , ##+# #.#
#.# * , #.# * * * #.# ,
..# , , ..#


There were no monsters in sight!

Vanquished Creatures
  A dart slug (D:1)
  An orc (D:4)
  A bat (D:2)
  2 giant cockroaches
  A hobgoblin (D:2)
  3 kobolds (D:1)
  2 frilled lizards (D:1)
  3 rats
14 creatures vanquished.

Notes
Turn   | Place    | Note
-------+----------+-------------------------------------------
     0 | D:1      | letownia2 the Deep Dwarf Necromancer began the quest for the Orb.
     0 | D:1      | Reached XP level 1. HP: 15/15 MP: 3/3
   277 | D:1      | Reached XP level 2. HP: 22/22 MP: 0/5
   561 | D:4      | Noticed an ogre
   598 | D:3      | Noticed Terence
   639 | D:4      | Found an ancient bone altar of Kikubaaqudgha.
   683 | D:4      | Noticed Sigmund
   699 | D:4      | Mangled by Sigmund

Skill      XL: |  1 |
---------------+----+-----
Spellcasting   | 2 |  2.1
Dodging        | |  2.1
Stealth        | |  2.4
Necromancy     | |  4.8

Action                   || total
-------------------------++-------
Melee: Short sword       ||     9
       Unarmed           ||     2
 Cast: Pain              ||    23
 Stab: Sleeping          ||     1
Armor: Ring mail         ||    18
Dodge: Dodged            ||    32
